 Dungeon Crawl Stone Soup version 0.25-a0-44-g29a1220a87 (webtiles) character file.

Game seed: 16496129161495748580, levelgen mode: deterministic

10 Alarkh the Skirmisher (level 2, 19/24 HPs)
             Began as a Demonspawn Fighter on Oct 23, 2019.
             Got out of the dungeon alive.
             The game lasted 00:00:14 (127 turns).

Alarkh the Skirmisher (Demonspawn Fighter)           Turns: 127, Time: 00:00:15

Health: 19/24      AC:  6    Str: 16    XL:     2   Next: 10%
Magic:  6/11       EV:  6    Int:  9    God:
Gold:   19         SH:  8    Dex: 12    Spells: 1/1 levels left

rFire    . . .     SeeInvis .   a - +0 long sword
rCold    . . .     Gourm    .   c - +0 shield
rNeg     . . .     Faith    .   b - +0 scale mail
rPois    .         Spirit   .   (no helmet)
rElec    .         Reflect  .   (no cloak)
rCorr    .         Harm     .   (no gloves)
MR       .....                  (no boots)
Stlth    ..........             (no amulet)
HPRegen  0.08/turn              l - ring of magical power
MPRegen  0.12/turn              (no ring)

@: no status effects
A: claws 1
a: no special abilities


You escaped.
You were not hungry.

You visited 1 branch of the dungeon, and saw 1 of its levels.

You collected 19 gold pieces.

Inventory:

Hand Weapons
 a - a +0 long sword (weapon)
Armour
 b - a +0 scale mail (worn)
 c - a +0 shield (worn)
Jewellery
 l - a ring of magical power (left claw)
Scrolls
 e - a scroll of blinking {unknown}
 g - a scroll of amnesia {unknown}
 h - a scroll of fog {unknown}
 j - a scroll of fear {unknown}
 k - 2 scrolls of teleportation {unknown}
 m - a scroll of magic mapping {unknown}
Potions
 d - a potion of might
 n - a potion of agility {unknown}
Comestibles
 f - a ration
 i - 10 chunks of flesh


   Skills:
 - Level 3.0 Fighting
 + Level 2.5 Long Blades
 - Level 2.6 Armour
 - Level 2.6 Shields


You had one spell level left.
You didn't know any spells.
Your spell library was empty.

Dungeon Overview and Level Annotations

Branches:
Dungeon (1/15)

Altars:


Innate Abilities, Weirdness & Mutations

You have sharp fingernails.


Message History

You have reached level 2!
You feel monstrous as your demonic heritage exerts itself.
Your demonic ancestry asserts itself...
Your fingernails lengthen.
The leopard gecko bites you but does no damage.
You slash the leopard gecko!
You kill the leopard gecko!
Things that are here:
a leopard gecko corpse; a hobgoblin corpse; a bat corpse
i - 6 chunks of flesh (gained 1);
i - 9 chunks of flesh (gained 3)
i - 10 chunks of flesh (gained 1)
Things that are here:
a leopard gecko skeleton; a hobgoblin skeleton; a bat skeleton
Things that are here:
a leopard gecko skeleton; a hobgoblin skeleton; a bat skeleton
Found a scroll labeled WITIESTR SIGEU and 20 stones.
There is a staircase leading out of the dungeon here.
Are you sure you want to leave the Dungeon?
This will make you lose the game!
HP restored.
You have escaped!

####..#.............#..
.........###...###......
###......#>......#......
.
#.##...#.......#.......
.#..
##.............##.##
.... #......#......# .#
.... #.....[.......#
(..?.....#.......#....
....##...#......@#....#
#...###...###.....
##...........
#.............
###...###...## #.##
..#.. ... ..#... .. ..#
##


There were no monsters in sight!

Vanquished Creatures
  A leopard gecko (D:1)
  2 goblins (D:1)
  A hobgoblin (D:1)
  2 jackals (D:1)
  2 bats (D:1)
  A rat (D:1)
9 creatures vanquished.

Notes
Turn   | Place    | Note
-------+----------+-------------------------------------------
     0 | D:1      | Alarkh the Demonspawn Fighter began the quest for the Orb.
     0 | D:1      | Reached XP level 1. HP: 18/18 MP: 1/1
   105 | D:1      | Gained mutation: You have sharp fingernails. [demonic
                  | ancestry]
   105 | D:1      | Reached XP level 2. HP: 17/24 MP: 2/2
   127 | D:$      | Got out of the dungeon alive.

Levels and vault maps discovered:
D:1:      minmay_arrival_open_corners, layout_rooms

Skill      XL: |  1 |
---------------+----+-----
Long Blades    | 2 |  2.5
Fighting       | |  3.0
Armour         | |  2.6
Shields        | |  2.6

Action                   || total
-------------------------++-------
Melee: Long sword        ||    30
Armor: Scale mail        ||    18
Dodge: Dodged            ||     9
Block: Shield            ||    32
       Rpst.: Long sword ||     2

Table legend:
 A = Non-vault XP
 B = Vault XP
 C = Vault XP percentage of total XP
 D = Non-vault monster count
 E = Vault monster count
 F = Vault count percentage of total count
                 A         B        C        D         E       F
            +---------+---------+-------+---------+---------+-------
      Total |      15 |       0 |   0.0 |       9 |       0 |   0.0
            +---------+---------+-------+---------+---------+-------
        D:1 |      15 |       0 |   0.0 |       9 |       0 |   0.0
            +---------+---------+-------+---------+---------+-------
